 Dungeon Crawl Stone Soup version 0.19-a0-892-g8a19e52 (webtiles) character file.

52 Moloch the Chopper (level 3, 0/29 HPs)
             Began as a Demonspawn Fighter on July 4, 2016.
             Slain by a gnoll
             ... wielding a +0 spear
              (2 damage)
             ... on level 2 of the Dungeon.
             The game lasted 00:01:26 (1018 turns).

Moloch the Chopper (Demonspawn Fighter)             Turns: 1018, Time: 00:01:28

Health: 0/29       AC:  6    Str: 17    XL:     3   Next: 60%
Magic:  3/3        EV:  6    Int:  9    God:
Gold:   65         SH:  8    Dex: 12    Spells: 0 memorised, 2 levels left

rFire  . . .     SeeInvis .     a - +0 war axe
rCold  . . .     Gourm    .     b - +0 scale mail
rNeg   . . .     Faith    .     c - +0 shield
rPois  .         Spirit   .     (no helmet)
rElec  .         Dismiss  .     (no cloak)
rCorr  .         Reflect  .     (no gloves)
SustAt .         Harm     .     (no boots)
MR     .....                    (no amulet)
Stlth  ..........               (no ring)
                                (no ring)

@: not resistant to hostile enchantments, extremely unstealthy
A: hooves 2
a: no special abilities


You were on level 2 of the Dungeon.
You were not hungry.

You visited 1 branch of the dungeon, and saw 2 of its levels.

You collected 65 gold pieces.

Inventory:

Hand Weapons
 a - a +0 war axe (weapon)
Armour
 b - a +0 scale mail (worn)
 c - a +0 shield (worn)
Jewellery
 p - an uncursed amulet of harm {unknown}
Scrolls
 g - 4 scrolls of identify {unknown}
 h - a scroll of random uselessness {unknown}
 j - a scroll of remove curse {unknown}
 n - a scroll of fog {unknown}
 r - a scroll of magic mapping {unknown}
 s - a scroll of amnesia {unknown}
 t - a scroll of noise {unknown}
Potions
 d - a potion of might
 e - a potion of mutation {unknown}
 k - 2 potions of curing
 l - a potion of brilliance {unknown}
 q - a potion of flight {unknown}
Comestibles
 f - 2 bread rations
 i - 5 chunks of flesh
 m - a meat ration
 o - a slice of pizza


   Skills:
 - Level 3.0 Fighting
 + Level 3.6 Axes
 - Level 2.6 Armour
 - Level 2.6 Shields


You had 2 spell levels left.
You didn't know any spells.

Dungeon Overview and Level Annotations

Branches:
Dungeon (2/15)

Altars:


Innate Abilities, Weirdness & Mutations

You have hoof-like feet.


Message History

You closely miss the gnoll. Your kick misses the gnoll.
The gnoll is moderately wounded.
The gnoll hits you with a spear. The gnoll barely misses you.
You block the gnoll's attack. x2
You hit the gnoll but do no damage. You kick the gnoll, but do no damage.
The gnoll is moderately wounded.
You block the gnoll's attack.
The gnoll hits you from afar with a spear.
You hit the gnoll. You kick the gnoll, but do no damage.
The gnoll is heavily wounded.
The gnoll hits you with a spear.
The gnoll hits you from afar with a spear.
Your shield prevents you from hitting the gnoll.
You kick the gnoll.
The gnoll is severely wounded.
The gnoll hits you with a spear.
The gnoll hits you from afar with a spear!
* * * LOW HITPOINT WARNING * * *
The gnoll hits you with a spear.
You die...

#........#.... ..
#........##.####....
+........'..........
#........###.###....
#........##.).......
..##########..###..(.
.. ####...##+##.
#...........#
+...?...@...#
#........g..#
#.###+##+#g## #. l..
# .... ..... .#...
###


You could see 2 gnolls and a giant newt.

Vanquished Creatures
  3 worms (D:2)
  2 dart slugs
  2 giant geckos
  A giant cockroach (D:1)
  2 goblins
  5 hobgoblins
  2 jackals (D:1)
  A quokka (D:2)
  6 bats
  6 giant newts
  4 kobolds
  6 rats
40 creatures vanquished.

Notes
Turn   | Place    | Note
-------+----------+-------------------------------------------
     0 | D:1      | Moloch the Demonspawn Fighter began the quest for the Orb.
     0 | D:1      | Reached XP level 1. HP: 18/18 MP: 1/1
   266 | D:1      | Gained mutation: You have large cloven feet. [demonic ancestry]
   266 | D:1      | Reached XP level 2. HP: 24/24 MP: 2/2
   764 | D:2      | Gained mutation: You have hoof-like feet. [demonic ancestry]
   764 | D:2      | Reached XP level 3. HP: 29/29 MP: 3/3
  1018 | D:2      | Slain by a gnoll

Vault maps used:
D:1:      shiori_arrival_elements
D:2:      overflow_temple_1_default, gammafunk_temple_overflow_elements,
          uniq_natasha

Skill      XL: |  1  2 |
---------------+-------+-----
Axes           | 2 3 |  3.6
Fighting       | |  3.0
Armour         | |  2.6
Shields        | |  2.6

Action                   || total
-------------------------++-------
Melee: War axe           ||   145
       Kick              ||    24
  Use: Potion            ||     1
  Eat: Chunk             ||     1
Armor: Scale mail        ||    69
Dodge: Dodged            ||    45
Block: Shield            ||    83
